 Dungeon Crawl Stone Soup version 0.21.1-1-g345015f (webtiles) character file.

12 n0claF the Shooter (level 2, -1/24 HPs)
             Began as a Centaur Hunter on June 22, 2018.
             Slain by a leopard gecko (4 damage)
             ... on level 1 of the Dungeon.
             The game lasted 00:01:54 (873 turns).

n0claF the Shooter (Centaur Hunter)                  Turns: 873, Time: 00:01:55

Health: -1/24      AC:  4    Str: 14    XL:     2   Next: 20%
Magic:  2/2        EV:  9    Int: 10    God:
Gold:   28         SH:  0    Dex:  9    Spells: 1/1 levels left

rFire    . . .     SeeInvis .   (no weapon)
rCold    . . .     Gourm    .   (no shield)
rNeg     . . .     Faith    .   c - +0 leather armour
rPois    .         Spirit   .   (no helmet)
rElec    .         Reflect  .   (no cloak)
rCorr    .         Harm     .   (no gloves)
MR       .....                  (no barding)
Stlth    +.........             (no amulet)
HPRegen  0.08/turn              (no ring)
MPRegen  0.08/turn              (no ring)

@: very quick
A: large, hooves 3, deformed body, speed 2, tough skin 3
a: no special abilities


You were on level 1 of the Dungeon.
You were not hungry.

You visited 1 branch of the dungeon, and saw 1 of its levels.

You collected 28 gold pieces.

Inventory:

Hand Weapons
 a - a +1 shortbow
Missiles
 d - 20 arrows
Armour
 c - a +0 leather armour (worn)
Potions
 f - a potion of haste {unknown}
Comestibles
 b - a chunk of flesh
 e - 2 rations {!d}


   Skills:
 + Level 2.2 Fighting
 + Level 5.5 Bows
 + Level 1.6 Dodging
 + Level 0.7 Stealth


You had one spell level left.
You didn't know any spells.

Dungeon Overview and Level Annotations

Branches:
Dungeon (1/15)

Altars:


Innate Abilities, Weirdness & Mutations

You have hooves in place of feet.
Armour fits poorly on your strangely shaped body.
You cover ground very quickly.
You have extremely tough skin. (AC +3)


Message History

You open the door.
There is an open door here.
A leopard gecko comes into view.
You closely miss the leopard gecko. The leopard gecko closely misses you.
You hit the leopard gecko. The leopard gecko closely misses you.
The leopard gecko misses you.
You closely miss the leopard gecko. The leopard gecko bites you.
You barely miss the leopard gecko. Your kick misses the leopard gecko.
The leopard gecko barely misses you.
You miss the leopard gecko. The leopard gecko closely misses you.
You closely miss the leopard gecko.
You kick the leopard gecko, but do no damage.
The leopard gecko barely misses you.
You completely miss the leopard gecko. The leopard gecko barely misses you. x2
You closely miss the leopard gecko. Your kick misses the leopard gecko.
The leopard gecko bites you but does no damage.
Your leather armour prevents you from hitting the leopard gecko.
Your kick misses the leopard gecko. The leopard gecko bites you.
You miss the leopard gecko. Your kick misses the leopard gecko.
The leopard gecko bites you but does no damage.
You hit the leopard gecko. The leopard gecko barely misses you.
You barely miss the leopard gecko. Your kick misses the leopard gecko.
The leopard gecko barely misses you. The leopard gecko bites you.
You hit the leopard gecko. Your kick misses the leopard gecko.
The leopard gecko bites you but does no damage.
You miss the leopard gecko. The leopard gecko closely misses you.
You miss the leopard gecko. Your kick misses the leopard gecko.
The leopard gecko bites you.
You hit the leopard gecko.
The leopard gecko bites you but does no damage.
You hit the leopard gecko but do no damage.
Your kick misses the leopard gecko. The leopard gecko bites you. x2
You hit the leopard gecko but do no damage.
Your kick misses the leopard gecko. The leopard gecko bites you.
You closely miss the leopard gecko. Your kick misses the leopard gecko.
The leopard gecko bites you but does no damage.
You barely miss the leopard gecko. The leopard gecko barely misses you.
You barely miss the leopard gecko. The leopard gecko bites you.
* * * LOW HITPOINT WARNING * * *
You closely miss the leopard gecko. The leopard gecko barely misses you.
The leopard gecko bites you but does no damage.
Unknown command.
You hit the leopard gecko but do no damage.
Your kick misses the leopard gecko. The leopard gecko bites you.
* * * LOW HITPOINT WARNING * * *
You hit the leopard gecko but do no damage.
Your kick misses the leopard gecko. The leopard gecko bites you.
* * * LOW HITPOINT WARNING * * *
You barely miss the leopard gecko. The leopard gecko bites you.
You die...

..#####.#.##.........#
........#.#######'####
..#######'##
###.#######. ..#
#.....# #...........
..# #.....#
#.#....####. ..#
#.....# #.#....####
### #.....#
#.......... #
#.....######....#### #
#.....##..l@........ #
#.....##.###.####### #
#####..# .... #
#######.## #.### #
#........# #.# #
#.######.## ... # #..#
... # ##.# .. ### #.##


You could see a leopard gecko.

Vanquished Creatures
  2 leopard geckos (D:1)
  4 jackals (D:1)
  A bat (D:1)
  A frilled lizard (D:1)
  A kobold (D:1)
  A rat (D:1)
10 creatures vanquished.

Notes
Turn   | Place    | Note
-------+----------+-------------------------------------------
     0 | D:1      | n0claF the Centaur Hunter began the quest for the Orb.
     0 | D:1      | Reached XP level 1. HP: 17/17 MP: 1/1
   477 | D:1      | Reached XP level 2. HP: 18/24 MP: 2/2
   873 | D:1      | Slain by a leopard gecko

Action                   || total
-------------------------++-------
Melee: Unarmed           ||    88
       Kick              ||    10
Armor: Leather armour    ||    28
Dodge: Dodged            ||    50
